Map: World of Sleepers LE

Players

BaKed - Winner!

  • Race: Protoss Protoss
  • League: Platinum
  • Spawn Location: 7:00

pHARM

  • Race: Zerg Zerg
  • League: Platinum
  • Spawn Location: 1:00

VOD

Have the link to the VOD?

Description

Time

  • Played on: Sept. 1, 2019, 7:32 p.m.
  • Length: 3:19
Show
View Real Time Build Order
Export as new Build Order

BaKed Protoss - Winner!

Build Orders:  

Get SALT Encoding   

  1  0:00  Probe  
  12  0:06  Probe  
  14  0:15  Probe  
  15  0:27  Pylon  
  15  0:45  Probe  
  16  0:54  Pylon  
  16  0:57  Probe  
  17  1:14  Gateway  
  17  1:16  Gateway  
  17  1:17  Gateway  
  17  1:28  Forge  
  17  1:34  Pylon  
  17  1:59  Zealot  
  17  2:00  Zealot  
  17  2:02  Photon Cannon, Zealot  
  23  2:12  Photon Cannon  
  23  2:20  Zealot  
  23  2:25  Zealot  
  23  2:29  Zealot  
  29  2:39  Assimilator  
  29  2:42  Probe  
  30  2:54  Probe  
  30  2:58  Cybernetics Core  
  31  3:06  Probe  
Show
View Real Time Build Order
Export as new Build Order

pHARM Zerg 

Build Orders: Hatch First 

Get SALT Encoding   

  12  0:01  Drone  
  13  0:13  Overlord  
  13  0:20  Drone  
  14  0:31  Drone x2  
  16  0:52  Hatchery  
  16  0:55  Drone  
  16  0:58  Drone  
  16  1:02  Drone  
  18  1:24  Drone x2  
  20  1:28  Spawning Pool  
  20  1:29  Drone  
  20  1:39  Drone  
  21  1:44  Extractor  
  20  1:50  Overlord  
  20  2:05  Drone x2  
  22  2:13  Drone  
  22  2:14  Queen x2  
  27  2:17  Drone  
  28  2:25  Drone x2  
  30  2:33  Drone  
  32  2:44  Drone x2  
  32  2:47  Overlord  
  33  2:55  Drone  
  36  3:00  Overlord  
Tags
 
Add a new tag
Caveats
  • Supply blocks, unpowered buildings, or Contaminate may cause inaccurate times.
  • Supply counts are checked every 10 seconds.